 Dungeon Crawl Stone Soup version 0.30-a0-782-ge64f9170bb (webtiles) character file.

Game seed: 11498769213018954950

12527 Crownlay the Grappler (level 11, -4/111 HPs)
             Began as a Troll Fighter on Mar 8, 2023.
             Was a Believer of Wu Jian.
             Killed from afar by an electric eel (9 damage)
             ... with a bolt of electricity
             ... on level 5 of the Dungeon.
             The game lasted 00:17:51 (9658 turns).

Crownlay the Grappler (Troll Fighter)               Turns: 9658, Time: 00:17:52

Health: -4/111     AC:  4    Str: 26    XL:     11   Next: 63%
Magic:  10/10      EV: 16    Int:  8    God:    Wu Jian [**....]
Gold:   652        SH: 11    Dex: 15    Spells: 10/10 levels left

rFire   . . .      SeeInvis .      - Unarmed
rCold   . . .      Faith    .    b - +0 kite shield
rNeg    . . .      Spirit   .    a - +0 robe
rPois   .          Reflect  .    (helmet restricted)
rElec   .          Harm     .    (no cloak)
rCorr   .          Rampage  .    (gloves unavailable)
Will    .....                    (boots unavailable)
Stlth   +                        (no amulet)
HPRegen 1.18/turn                p - +5 ring of evasion
MPRegen 0.12/turn                A - +6 ring of dexterity

@: no status effects
A: large, unfitting armour, claws 3, regeneration 1, shaggy fur 1, tough skin 1
a: Renounce Religion, Wall Jump


You were on level 5 of the Dungeon.
You worshipped Wu Jian.
Wu Jian was pleased with you.
You visited 2 branches of the dungeon, and saw 12 of its levels.
You also visited: Sewer.

You collected 652 gold pieces.

Inventory:

Missiles
 y - 8 boomerangs
 C - 44 poisoned darts (quivered)
 K - 3 throwing nets
Armour
 a - a +0 robe (worn)
 b - a +0 kite shield (worn)
Jewellery
 k - a ring of wizardry
 m - a ring of ice
 p - a +5 ring of evasion (left claw)
 A - a +6 ring of dexterity (right claw)
 D - a ring of magical power
 I - a ring of flight
Wands
 F - a wand of light (9)
 H - a wand of flame (33)
 L - a wand of iceblast (3)
Scrolls
 d - a scroll of magic mapping {unknown}
 e - 2 scrolls of enchant armour
 f - 3 scrolls of silence
 l - 4 scrolls of poison
 n - 3 scrolls of enchant weapon
 o - a scroll of vulnerability {unknown}
 q - 3 scrolls of blinking
 r - 3 scrolls of teleportation
 t - 2 scrolls of amnesia
 v - 2 scrolls of fog
 x - a scroll of fear {unknown}
 G - 2 scrolls of immolation
Potions
 c - 2 potions of might
 g - a potion of mutation {unknown}
 h - 4 potions of degeneration {unknown}
 i - 2 potions of resistance
 j - 3 potions of lignification {unknown}
 s - 6 potions of heal wounds {unknown}
 u - 3 potions of haste {unknown}
 w - 3 potions of ambrosia {unknown}
 z - 8 potions of curing {unknown}
 B - a potion of flight {unknown}
 E - 3 potions of brilliance {unknown}
 J - 2 potions of berserk rage {unknown}


   Skills:
 + Level 7.8 Fighting
 + Level 6.0 Dodging
 + Level 8.6 Shields
 * Level 12.6 Unarmed Combat


You had 10 spell levels left.
You didn't know any spells.
Your spell library contained the following spells:

 Spells                   Type           Power      Damage    Failure   Level
 Beastly Appendage        Tmut           0%         N/A       63%         1
 Magic Dart               Conj           0%         1d3       63%         1
 Searing Ray              Conj           0%         2d4       77%         2
 Wereblood                Tmut           0%         N/A       77%         2
 Spider Form              Tmut/Pois      0%         N/A       94%         3
 Stone Arrow              Conj/Erth      0%         3d7       94%         3
 Animate Armour           Summ/Erth      0%         N/A       100%        4
 Fulminant Prism          Conj/Hex       0%         3d5       100%        4
 Yara's Violent Unravell  Hex/Tmut       0%         3d3       100%        5
 Enfeeble                 Hex            0%         N/A       100%        7
 Lehudib's Crystal Spear  Conj/Erth      0%         10d2      100%        8


Dungeon Overview and Level Annotations

Branches:
Dungeon (11/15)            Temple (1/1) D:7            Lair (0/5) D:8
  Sewer (visited)
    Orc: D:9-12

Altars:
Ashenzari
Cheibriados
Dithmenos
Elyvilon
Fedhas
Gozag
Hepliaklqana
Kikubaaqudgha
Makhleb
Nemelex Xobeh
Okawaru
Qazlal
Ru
Sif Muna
Trog
Uskayaw
Vehumet
Wu Jian
Xom
Yredelemnul
Zin
The Shining One

Shops:
D:1 [   D:9 (

Annotations:
D:5 1 transporter
D:11 1 runed translucent door, caveywoolpert's ghost, journeyman GrEE


Innate Abilities, Weirdness & Mutations

You are too large for most types of armour.
You have claws for hands.
Your natural rate of healing is unusually fast.
You are covered in fur. (AC +1)
You have tough skin. (AC +1)


Message History

The bolt of electricity hits the plant!
The plant begins to die.
The bolt of electricity hits you.
The electric eel shoots out a bolt of lightning at you!
The bolt of electricity hits you! x2
The electric eel shoots out a bolt of lightning at you!
The bolt of electricity hits the electric eel.
The electric eel completely resists.
The bolt of electricity hits the plant!
The bolt of electricity hits you!
The electric eel shoots out a bolt of lightning at you!
The bolt of electricity hits you! x2
There is an open door here.
You claw the plant!
The plant begins to die.
The plant is lightly damaged.
You scratch the plant.
The plant is lightly damaged.
You claw the plant!
The plant is lightly damaged.
A nearby plant withers and dies.
You claw the plant!
The plant is lightly damaged.
A nearby plant withers and dies.
The electric eel shoots out a bolt of lightning at you!
The bolt of electricity hits you. The bolt of electricity hits you!
You enter the shallow water.
The electric eel shoots out a bolt of lightning at you!
The bolt of electricity hits you!
* * * LOW HITPOINT WARNING * * *
The bolt of electricity hits you!
* * * LOW HITPOINT WARNING * * *
Aiming: Throw Flame
Press: ? - help, Shift-Dir - straight line, f - electric eel
Aim: an electric eel (48% to hit)
The puff of flame misses the electric eel.
The electric eel is engulfed in a cloud of scalding steam.
The electric eel shoots out a bolt of lightning at you!
The bolt of electricity misses you. The bolt of electricity hits you!
* * * LOW HITPOINT WARNING * * *
The electric eel shoots out a bolt of lightning at you!
The bolt of electricity hits you!
You die...

'####### #...# #...< .# #...#
####. .# #...# #.... .# #...#
#.... .# ##### #....
.#################### ##..#
###.................# #.##
#.###############.# ###.##
##.#8P#~~~~~~S#@8#.## ##.....
##..#..#~P~PP..#..#..######...###
...©#©$+P~P♣S..'.©#©........#.# #
....#..#~~~~~..#..#..(###.###.# #
#...#8P#~~~~~SS#P8#.>...#.....# #
##..###############...#.#########
#....................#.# #..
#....................#.# #.#
############.........#.# #.#


You could see 4 electric eels.

Vanquished Creatures
  Harold (D:10)
  A hydra (D:11)
  A boulder beetle (D:10)
  A two-headed ogre (D:9)
  The ghost of HoaS the Skirmisher, a novice GrHu of Zin (D:5)
  2 kobold demonologists (D:11)
  2 hornets
  2 dream sheep (D:11)
  Sigmund (D:5)
  A shadow (D:9)
  2 basilisks (D:8)
  19 yaks
  3 wyverns (D:8)
  5 vampire mosquitoes
  An acid dragon (D:11)
  3 water moccasins
  2 ice beasts
  3 black bears
  2 sky beasts
  An orc warrior (D:10)
  An ogre (D:5)
  4 centaurs
  8 kobold brigands
  4 bullfrogs
  4 necrophages
  2 scorpions (D:8)
  3 wights (D:9)
  2 howler monkeys
  9 jellies
  7 hounds
  4 orc priests
  Jessica (D:2)
  2 orc wizards (D:10)
  7 iguanas
  A gnoll (D:1)
  17 adders
  A shadow imp (D:6)
  A white imp (D:5)
  An ufetubus (D:6)
  5 worms
  4 dart slugs
  9 orcs
  11 endoplasms
  4 giant cockroaches
  5 goblins
  14 hobgoblins
  39 kobolds
  4 quokkas
  10 ball pythons
  4 bats
  4 frilled lizards
  6 rats
252 creatures vanquished.

Vanquished Creatures (others)
  9 fungi
  78 plants
87 creatures vanquished.

Grand Total: 339 creatures vanquished

Notes
Turn   | Place    | Note
-------+----------+-------------------------------------------
     0 | D:1      | Crownlay the Troll Fighter began the quest for the Orb.
     0 | D:1      | Reached XP level 1. HP: 22/22 MP: 0/0
    23 | D:1      | Reached XP level 2. HP: 17/29 MP: 1/1
    99 | D:1      | Found Ruiwkaerr's Armour Shoppe.
   218 | D:1      | Reached XP level 3. HP: 36/36 MP: 2/2
   320 | D:1      | Reached skill level 3 in Unarmed Combat
   710 | D:2      | Noticed Jessica
   721 | D:2      | Killed Jessica
   722 | D:2      | Reached XP level 4. HP: 33/44 MP: 3/3
  1300 | D:3      | Found a glowing drain.
  1320 | Sewer    | Entered a sewer
  1329 | Sewer    | Reached XP level 5. HP: 51/53 MP: 4/4
  1347 | Sewer    | Reached skill level 4 in Unarmed Combat
  1768 | D:3      | Found an iron altar of Okawaru.
  2117 | D:4      | Reached XP level 6. HP: 58/61 MP: 5/5
  2130 | D:4      | Found an ornate altar of the Wu Jian Council.
  2171 | D:4      | Reached skill level 5 in Unarmed Combat
  2756 | D:4      | Reached XP level 7. HP: 56/68 MP: 6/6
  2898 | D:5      | Entered Level 5 of the Dungeon
  2977 | D:5      | Noticed a +0 hand axe
  2978 | D:5      | Found a hide-covered altar of Uskayaw.
  2978 | D:5      | Noticed a +0 hand axe
  2988 | D:5      | Reached skill level 6 in Unarmed Combat
  3005 | D:5      | Found a large runed translucent door.
  3005 | D:5      | Found a large runed translucent door.
  3006 | D:5      | Noticed Sigmund
  3010 | D:5      | Noticed HoaS's ghost (novice GrHu)
  3016 | D:5      | Killed Sigmund
  3035 | D:5      | Reached XP level 8. HP: 75/79 MP: 7/7
  3053 | D:5      | Reached skill level 5 in Shields
  3118 | D:5      | Found a sacrificial altar of Ru.
  3276 | D:5      | Reached skill level 7 in Unarmed Combat
  3317 | D:5      | Found a transporter.
  3354 | D:5      | Found a transporter.
  3931 | D:6      | Reached skill level 5 in Fighting
  4128 | D:6      | Reached skill level 8 in Unarmed Combat
  4717 | D:7      | Reached XP level 9. HP: 88/88 MP: 8/8
  4763 | D:7      | Found a staircase to the Ecumenical Temple.
  4780 | Temple   | Entered the Ecumenical Temple
  5062 | D:4      | Became a worshipper of the Wu Jian Council
  5630 | D:8      | Found a staircase to the Lair.
  5638 | D:7      | Reached skill level 9 in Unarmed Combat
  5840 | D:8      | Reached skill level 10 in Unarmed Combat
  5872 | D:8      | Reached * piety under Wu Jian
  5985 | D:8      | Reached XP level 10. HP: 97/98 MP: 9/9
  6170 | D:8      | Found a snail-covered altar of Cheibriados.
  6572 | D:8      | Found a burning altar of Makhleb.
  7024 | D:9      | Found Dyoprain's Weapon Boutique.
  7058 | D:9      | Noticed a two-headed ogre
  7065 | D:9      | Killed a two-headed ogre
  7081 | D:9      | Reached ** piety under Wu Jian
  7159 | D:9      | Found a shimmering altar of Xom.
  7170 | D:9      | Found a sparkling altar of Nemelex Xobeh.
  7197 | D:9      | Found a shimmering blue altar of Sif Muna.
  7471 | D:9      | Paralysed by a hornet for 2 turns
  7477 | D:9      | Reached skill level 11 in Unarmed Combat
  7649 | D:10     | Entered Level 10 of the Dungeon
  7722 | D:10     | Noticed a boulder beetle
  7735 | D:10     | Killed a boulder beetle
  7885 | D:10     | Noticed Harold
  7913 | D:10     | Killed Harold
  7914 | D:10     | Reached skill level 5 in Dodging
  7982 | D:10     | Reached XP level 11. HP: 66/109 MP: 10/10
  8227 | D:10     | Found a white marble altar of Elyvilon.
  8598 | D:11     | Noticed a sixfirhy
  8640 | D:11     | Reached skill level 12 in Unarmed Combat
  8799 | D:11     | Found a runed translucent door.
  8800 | D:11     | Found a shimmering altar of Xom.
  8800 | D:11     | Noticed caveywoolpert's ghost (journeyman GrEE)
  8800 | D:11     | Noticed a +0 hand axe of chaos
  8875 | D:11     | Noticed a three-headed hydra
  8882 | D:11     | Killed an eight-headed hydra
  9594 | D:5      | Killed HoaS's ghost
  9658 | D:5      | HP: 5/111 [electric eel/bolt of electricity (12)]
  9658 | D:5      | Killed from afar by an electric eel

Illustrated notes

Levels and vault maps discovered:
D:1:      amcnicky_arrival_blooded_trapdoor, layout_loops_ring, serial_shops,
          nicolae_shop_advertising_works [nicolae_subvault_shop_adworks]
D:2:      minmay_evil_eye, layout_basic, chequers_serial_rivers_micro_d,
          uniq_jessica
D:3:      layout_loops_cross, amcnicky_altar_gilded, gup_sewer_entry_pipe,
          grunt_decor_mini_mirrors
D:4:      nicolae_cairo_tiling_large, layout_loops_ring,
          mainiacjoe_overflow_catwalk, serial_aquarium,
          aquarium_bridge_island_small [aquarium_subvault_small_open,
          aquarium_subvault_bridge, aquarium_subvault_bridge,
          aquarium_subvault_wall, aquarium_subvault_bridge],
          aquarium_window_corner, aquarium_window_1, aquarium_window_2,
          aquarium_window_1, aquarium_view_2a, aquarium_view_2e, st_stairs_9
D:5:      gammafunk_steamed_eel, layout_basic, nicolae_ru_the_path_less_chosen,
          dancing_weapons_uskayaw, ebering_ghost_disaster_area,
          chequers_serial_rivers_small_a, uniq_sigmund
D:6:      layout_loops_corners, kennysheep_generic_room_12
D:7:      layout_loops_ring, minmay_temple_entry_butterflies
D:8:      kennysheep_kobold_camp, layout_cave_pools, slow_altar_1,
          marbit_many_paths, minmay_lair_entry_grove, kennysheep_diamond
D:9:      layout_loops_ring, mainiacjoe_overflow_catch_the_wave,
          lemuel_doored_altar, nicolae_take_the_stairs, roderic_filled_cross
D:10:     layout_basic, elyvilon_altar_3, minivault_24, minivault_11,
          uniq_harold
D:11:     layout_irregular_city, ebering_ghost_xom, hangedman_ranch
Temple:   minmay_temple_bridge_abc

Skill      XL: |  1  2  3  4  5  6  7  8  9 10 11 |
---------------+----------------------------------+-----
Shields        | 3 4 6 7 8 |  8.6
Unarmed Combat | 3 4 5 6 8 10 11 12 | 12.6
Fighting       | 3 4 5 6 7 |  7.8
Dodging        | 3 5 6 |  6.0

Action                     |  1- 3 |  4- 6 |  7- 9 | 10-12 || total
---------------------------+-------+-------+-------+-------++-------
  Melee: Unarmed           |    69 |   184 |   218 |   305 ||   776
  Throw: Boomerang         |       |     2 |    17 |    27 ||    46
         Dart              |       |       |       |    31 ||    31
         Throwing net      |       |       |       |     3 ||     3
Ability: Lunge             |       |       |     9 |     9 ||    18
  Evoke: Wand              |       |       |       |     4 ||     4
    Use: Scroll            |       |     4 |     4 |     2 ||    10
   Stab: Sleeping          |       |       |     5 |       ||     5
         Invisible         |       |       |       |     4 ||     4
         Held in net/web   |       |       |       |     2 ||     2
 Armour: Robe              |    17 |    20 |    30 |    20 ||    87
  Dodge: Dodged            |    15 |    71 |    97 |   106 ||   289
  Block: Kite shield       |    19 |    62 |    97 |   106 ||   284

Table legend: (Time is in decaauts)
 A = Elapsed time spent in this place.
 B = Non-inter-level travel time spent in this place.
 C = Inter-level travel time spent in this place.
 D = Time resting spent in this place.
 E = Time spent auto-exploring this place.
 F = Levels seen in this place.
 G = Mean time per level.
                   A        B        C        D        E       F      G
               +--------+--------+--------+--------+--------+-----+--------+
         Total |   9669 |   8987 |    682 |      0 |   6977 |  13 |  743.8 |
       Dungeon |   9230 |   8571 |    659 |      0 |   6650 |  11 |  839.1 |
        Temple |    192 |    169 |     23 |      0 |    161 |   1 |  192.0 |
         Sewer |    245 |    245 |      0 |      0 |    166 |   1 |  245.0 |
               +--------+--------+--------+--------+--------+-----+--------+

Top non-repeatable levels by time:
     D:8: 1172 daAuts
     D:6: 1013 daAuts
    D:11: 948 daAuts
     D:5: 935 daAuts
    D:10: 908 daAuts
     D:9: 825 daAuts
     D:4: 808 daAuts
     D:3: 745 daAuts
     D:7: 743 daAuts
     D:1: 695 daAuts
     D:2: 435 daAuts
   Sewer: 245 daAuts
  Temple: 192 daAuts
